 Dungeon Crawl Stone Soup version 0.30-a0-377-g5cb311bc9f (webtiles) character file.

Game seed: 14368805523546910159

38 qeuew the Grave Robber (level 3, 0/19 HPs)
             Began as a Deep Elf Necromancer on Nov 29, 2022.
             Slain by a black bear (4 damage)
             ... on level 4 of the Dungeon.
             The game lasted 00:02:05 (1183 turns).

qeuew the Grave Robber (Deep Elf Necromancer)       Turns: 1183, Time: 00:02:05

Health: 0/19       AC:  2    Str:  4    XL:     3   Next: 25%
Magic:  6/10       EV: 13    Int: 20    God:
Gold:   101        SH:  0    Dex: 19    Spells: 8/9 levels left

rFire   . . .      SeeInvis .    d - +0 dagger
rCold   . . .      Faith    .    (no shield)
rNeg    . . .      Spirit   .    a - +0 robe
rPois   .          Reflect  .    (no helmet)
rElec   .          Harm     .    f - scarf {+Inv}
rCorr   .          Rampage  .    (no gloves)
Will    .....                    (no boots)
Stlth   +++.......               (no amulet)
HPRegen 0.23/turn                (no ring)
MPRegen 0.12/turn                (no ring)

@: no status effects
A: agile 1
a: Evoke Invisibility


You were on level 4 of the Dungeon.
You visited 1 branch of the dungeon, and saw 3 of its levels.

You collected 101 gold pieces.

Inventory:

Hand Weapons
 d - a +0 dagger (weapon)
Armour
 a - a +0 robe (worn)
 f - a scarf of invisibility (worn)
Scrolls
 c - a scroll of identify
 g - a scroll of amnesia
Potions
 b - a potion of magic
 e - a potion of haste {unknown}
 h - a potion of flight {unknown}


   Skills:
 + Level 3.0 Dodging
 + Level 3.1 Stealth
 + Level 3.5 Spellcasting
 + Level 5.2 Necromancy
 + Level 0.8 Evocations


You had 8 spell levels left.
You knew the following spells:

 Your Spells              Type           Power      Damage    Failure   Level
a - Necrotise             Necr           96%        1d8       1%          1

Your spell library contained the following spells:

 Spells                   Type           Power      Damage    Failure   Level
 Vampiric Draining        Necr           24%        2d7       4%          3
 Animate Dead             Necr           24%        N/A       16%         4
 Agony                    Necr           24%        N/A       41%         5


Dungeon Overview and Level Annotations

Branches:
Dungeon (2/15)             Temple (0/1) D:4

Altars:


Innate Abilities, Weirdness & Mutations

You are agile. (Dex +4, Str/Int -1)


Message History

Things that are here:
a +0 flail; a +0 leather armour
Found a stone staircase leading up.
Found a puce potion.
Found a stone staircase leading down.
Found a staircase to the Ecumenical Temple.
Found a purple potion.
e - a puce potion
h - a purple potion
Found an escape hatch in the ceiling.
You hear the hiss of a very distant avalanche of sand.
A black bear comes into view.
The black bear growls angrily.
The black bear moves out of view.
Aiming: Necrotise (safe; 1% risk of failure)
Press: ? - help, Q - select action, (/) - cycle Shift-Dir - straight line, f - black bear
Aim: a black bear (chance to affect: 83%)
The black bear writhes in agony!
The black bear bites you. The black bear claws you. x2
Unknown command.
Aiming: Necrotise (safe; 1% risk of failure)
Press: ? - help, Q - select action, (/) - cycle Shift-Dir - straight line, f/p - black bear
Aim: a black bear (moderately wounded, chance to affect: 83%)
The black bear writhes in agony.
The black bear closely misses you. The black bear barely misses you.
The black bear claws you but does no damage.
Aiming: Necrotise (safe; 1% risk of failure)
Press: ? - help, Q - select action, (/) - cycle Shift-Dir - straight line, f/p - black bear
Aim: a black bear (heavily wounded, chance to affect: 83%)
The black bear barely resists.
The black bear completely misses you. The black bear misses you.
The black bear claws you.
Aiming: Necrotise (safe; 1% risk of failure)
Press: ? - help, Q - select action, (/) - cycle Shift-Dir - straight line, f/p - black bear
Aim: a black bear (heavily wounded, chance to affect: 83%)
The black bear writhes in agony.
The black bear bites you.
* * * LOW HITPOINT WARNING * * *
The black bear claws you.
You die...

.........##....
......#..#######
......#........#
........##.....#
......####..####
...... #.##
..... ###.# ....
##...# ...
#.@..# #h#.##
#.#.# ....#
..#### ... ....
.....


You could see a black bear.

Vanquished Creatures
  2 dart slugs
  4 orcs (D:4)
  3 bats
  An endoplasm (D:1)
  A giant cockroach (D:1)
  A goblin (D:2)
  2 hobgoblins (D:1)
  A kobold (D:1)
  3 quokkas (D:1)
  A ball python (D:1)
  3 frilled lizards (D:1)
  4 rats
26 creatures vanquished.

Vanquished Creatures (collateral kills)
  A dart slug (D:1)
1 creature vanquished.

Grand Total: 27 creatures vanquished

Notes
Turn   | Place    | Note
-------+----------+-------------------------------------------
     0 | D:1      | qeuew the Deep Elf Necromancer began the quest for the Orb.
     0 | D:1      | Reached XP level 1. HP: 10/10 MP: 6/6
   282 | D:1      | Reached skill level 5 in Necromancy
   282 | D:1      | Reached XP level 2. HP: 11/15 MP: 4/8
   863 | D:1      | Gained mutation: You are agile. (Dex +4, Str/Int -1)
                  | [potion of mutation]
   863 | D:1      | Gained mutation: You have hidden genetic potential. [potion
                  | of mutation]
   863 | D:1      | Lost mutation: You have hidden genetic potential. [potion
                  | of mutation]
  1015 | D:2      | You fall into a shaft and drop 2 floors!
  1039 | D:4      | Reached XP level 3. HP: 19/19 MP: 6/9
  1142 | D:4      | Found a staircase to the Ecumenical Temple.
  1175 | D:4      | Noticed a black bear
  1183 | D:4      | Slain by a black bear

Illustrated notes

Levels and vault maps discovered:
D:1:      minmay_arrival_shoal_huts, layout_loops_ring
D:2:      layout_loops_ring
D:4:      layout_rooms, gammafunk_temple_overflow_wave,
          minmay_temple_entry_arrows, nicolae_ossuary_entry_catacombs,
          minivault_26, minivault_1, hangedman_decor_slide_cut,
          grunt_ministairs_14

Skill      XL: |  1  2  3 |
---------------+----------+-----
Necromancy     | 5 |  5.2
Stealth        | 3 |  3.1
Dodging        | 3 |  3.0
Spellcasting   | |  3.5
Evocations     | |  0.8

Action                   || total
-------------------------++-------
Melee: Unarmed           ||     3
       Dagger            ||     4
 Cast: Necrotise         ||    48
  Use: Scroll            ||     2
       Potion            ||     2
Armor: Robe              ||     2
Dodge: Dodged            ||    18

Table legend: (Time is in decaauts)
 A = Elapsed time spent in this place.
 B = Non-inter-level travel time spent in this place.
 C = Inter-level travel time spent in this place.
 D = Time resting spent in this place.
 E = Time spent auto-exploring this place.
 F = Levels seen in this place.
 G = Mean time per level.
                   A        B        C        D        E       F      G
               +--------+--------+--------+--------+--------+-----+--------+
         Total |   1182 |   1150 |     32 |     36 |    914 |   3 |  394.0 |
       Dungeon |   1182 |   1150 |     32 |     36 |    914 |   3 |  394.0 |
               +--------+--------+--------+--------+--------+-----+--------+

Top non-repeatable levels by time:
     D:1: 933 daAuts
     D:4: 167 daAuts
     D:2: 81 daAuts
